 Dungeon Crawl Stone Soup version 0.31-a0-986-g5e6e4ef867 (webtiles) character file.

Game seed: 10929426324148604279

165 Snarg the Shooter (level 5, -3/38 HPs)
             Began as a Barachi Hexslinger on Nov 17, 2023.
             Was an Initiate of Hepliaklqana.
             Slain by a scorpion (5 damage)
             ... on level 4 of the Dungeon.
             The game lasted 00:11:46 (2971 turns).

Snarg the Shooter (Barachi Hexslinger)              Turns: 2971, Time: 00:11:46

Health: -3/38      AC:  3    Str: 15    XL:     5   Next: 46%
Magic:  6/6        EV: 12    Int: 13    God:    Hepliaklqana [......]
Gold:   161        SH:  0    Dex: 17    Spells: 1/6 levels left

rFire   . . .        a - +1 sling
rCold   . . .        (no shield)
rNeg    . . .        s - +0 leather armour
rPois   .            (no helmet)
rElec   .            (no cloak)
rCorr   .            (no gloves)
SInv    .            (no boots)
Will    .....        (no amulet)
Stlth   +            r - +6 ring of strength
HPRegen 0.26/turn    (no ring)
MPRegen 0.10/turn

%: no passive effects
@: weak-willed, slow
A: amphibious, slowness 1, strong legs 1, +LOS
a: Hop, Renounce Religion


You were on level 4 of the Dungeon.
You worshipped Hepliaklqana.
Hepliaklqana was noncommittal.
You visited 1 branch of the dungeon, and saw 4 of its levels.

You collected 161 gold pieces.

Inventory:

Hand Weapons
 a - a +1 sling (weapon)
 b - a +2 dagger of protection
 e - a +0 short sword
Missiles
 h - 19 stones
 t - 14 poisoned darts
 y - 4 javelins
Armour
 c - a +0 robe
 s - a +0 leather armour (worn)
Jewellery
 r - a +6 ring of strength (left hand)
Talismans
 k - a dragon-blood talisman
 v - a beast talisman
Wands
 x - a wand of iceblast (8)
Scrolls
 f - 3 scrolls of revelation {unknown}
 j - 2 scrolls of vulnerability {unknown}
 m - 2 scrolls of fear {unknown}
 u - a scroll of enchant weapon
 z - 2 scrolls of brand weapon {unknown}
 A - a scroll of fog {unknown}
Potions
 d - a potion of invisibility {unknown}
 g - 3 potions of might
 i - 3 potions of haste {unknown}
 l - a potion of ambrosia {unknown}
 n - 2 potions of brilliance {unknown}
 o - a potion of degeneration {unknown}
 p - 3 potions of curing
 q - a potion of enlightenment {unknown}
 w - a potion of lignification {unknown}
 B - 2 potions of mutation {unknown}


   Skills:
 - Level 2.0 Fighting
 + Level 4.3 Ranged Weapons
 + Level 0.3 Armour
 + Level 2.7 Dodging
 + Level 0.2 Stealth
 + Level 1.1 Spellcasting
 * Level 4.2 Hexes
 + Level 1.1 Fire Magic


You had one spell level left.
You knew the following spells:

 Your Spells              Type           Power      Damage    Failure   Level
a - Jinxbite              Hex            22%        N/A       10%         2
b - Sigil of Binding      Hex            11%        N/A       19%         3

Your spell library contained the following spells:

 Spells                   Type           Power      Damage    Failure   Level
 Inner Flame              Hex/Fire       7%         N/A       34%         3
 Blink                    Tloc           0%         N/A       45%         2
 Cause Fear               Hex            5%         N/A       52%         4
 Dimensional Bullseye     Hex/Tloc       3%         N/A       82%         4
 Manifold Assault         Tloc           0%         N/A       98%         4
 Passage of Golubria      Tloc           0%         N/A       98%         4
 Silence                  Hex/Air        3%         N/A       99%         5
 Lehudib's Crystal Spear  Conj/Erth      0%         10d2      100%        8


Dungeon Overview and Level Annotations

Branches:
Dungeon (4/15)
 Temple: D:4-7

Altars:
Hepliaklqana

Annotations:
D:1 clr
D:2 clr
D:3 clr
D:4 exclusion: black bear


Innate Abilities, Weirdness & Mutations

You are amphibious.
You cover ground slowly.
You can hop short distances.
You have an extended range of vision and can be seen from far away.


Message History

You are poisoned.
The scorpion poisons you!
Fire: a) +1 sling
Press: ? - help, Q - select action, (/) - cycle Shift-Dir - straight line, f/p - scorpion
Aim: a scorpion (severely wounded, 62% to hit)
You shoot a sling bullet.
The sling bullet closely misses the scorpion.
You feel sick. The scorpion barely misses you.
Fire: a) +1 sling
Press: ? - help, Q - select action, (/) - cycle Shift-Dir - straight line, f/p - scorpion
Aim: a scorpion (severely wounded, 62% to hit)
You shoot a sling bullet. The sling bullet hits the scorpion.
The scorpion is severely wounded.
You feel sick. The scorpion barely misses you. The scorpion stings you.
* * * LOW HITPOINT WARNING * * *
Fire: a) +1 sling
Press: ? - help, Q - select action, (/) - cycle Shift-Dir - straight line, f/p - scorpion
Aim: a scorpion (severely wounded, 62% to hit)
You shoot a sling bullet.
The sling bullet hits the scorpion but does no damage.
The scorpion is severely wounded.
You feel sick. The scorpion barely misses you.
Fire: a) +1 sling
Press: ? - help, Q - select action, (/) - cycle Shift-Dir - straight line, f/p - scorpion
Aim: a scorpion (severely wounded, 62% to hit)
You shoot a sling bullet.
The sling bullet barely misses the scorpion.
You feel sick. The scorpion stings you.
* * * LOW HITPOINT WARNING * * *
Fire: a) +1 sling
Press: ? - help, Q - select action, (/) - cycle Shift-Dir - straight line, f/p - scorpion
Aim: a scorpion (severely wounded, 62% to hit)
You shoot a sling bullet.
The sling bullet barely misses the scorpion.
You feel sick.
You are no longer poisoned.
The scorpion stings you.
* * * LOW HITPOINT WARNING * * *
The scorpion stings you.
You die...

###### #.#.##.#
.. . #......# ..
. ###.#### .#. #
###.### #.....#
#.....# #.....#
####.######.....#
#.......@.......#
#.##.##s##.######
#. #.# #. ...
#.##.## .. ..# ..
..# .. #.# ...
#.#


You could see a scorpion.

Vanquished Creatures
  4 adders
  5 gnolls
  A worm (D:2)
  5 dart slugs
  8 ball pythons
  6 bats
  5 endoplasms
  2 giant cockroaches
  4 goblins
  8 hobgoblins
  5 quokkas
  2 frilled lizards
  6 kobolds
  9 rats
70 creatures vanquished.

Notes
Turn   | Place    | Note
-------+----------+-------------------------------------------
     0 | D:1      | Snarg the Barachi Hexslinger began the quest for the Orb.
     0 | D:1      | Reached XP level 1. HP: 15/15 MP: 2/2
    55 | D:1      | Reached XP level 2. HP: 21/21 MP: 3/3
    58 | D:1      | Learned a level 2 spell: Jinxbite
   169 | D:1      | You fall into a shaft and drop 1 floor!
   206 | D:2      | Reached XP level 3. HP: 9/27 MP: 1/4
   329 | D:2      | Reached XP level 4. HP: 6/33 MP: 0/5
   438 | D:2      | Learned a level 3 spell: Sigil of Binding
  1331 | D:2      | Reached XP level 5. HP: 38/38 MP: 6/6
  2211 | D:3      | Found a hazy altar of Hepliaklqana.
  2357 | D:4      | Noticed a phantom
  2405 | D:3      | Became a worshipper of Hepliaklqana the Forgotten
  2696 | D:4      | Noticed a black bear
  2971 | D:4      | Slain by a scorpion

Illustrated notes

Levels and vault maps discovered:
D:1:      dpeg_arrival_rooms_b, layout_rooms, st_stairs_7,
          kennysheep_small_spiral, minmay_misc_feat_ornament,
          chequers_serial_rivers_micro_e, minivault_23, nicolae_grassy_gnolls
D:2:      layout_loops_cross, minmay_unequal
D:3:      layout_rooms, worldfamousw_hep_ancestral_shrine,
          dreamdust_wishing_well
D:4:      layout_loops_cross, minmay_misc_feat_plants

Skill      XL: |  1  2  3  4  5 |
---------------+----------------+-----
Hexes          | 4 |  4.2
Ranged Weapons | 3 4 |  4.3
Fighting       | 2 |  2.0
Armour         | |  0.3
Dodging        | |  2.7
Stealth        | |  0.2
Spellcasting   | |  1.1
Fire Magic     | |  1.1

Action                     |  1- 3 |  4- 6 || total
---------------------------+-------+-------++-------
   Fire: Sling             |    44 |   142 ||   186
  Throw: Stone             |     7 |     4 ||    11
   Cast: Jinxbite          |     5 |     6 ||    11
Ability: Hop               |     2 |     1 ||     3
    Use: Scroll            |     2 |     4 ||     6
 Armour: Robe              |    11 |    12 ||    23
         Leather armour    |       |    22 ||    22
  Dodge: Dodged            |    11 |    43 ||    54

Table legend: (Time is in decaauts)
 A = Elapsed time spent in this place.
 B = Non-inter-level travel time spent in this place.
 C = Inter-level travel time spent in this place.
 D = Time resting spent in this place.
 E = Time spent auto-exploring this place.
 F = Levels seen in this place.
 G = Mean time per level.
                   A        B        C        D        E       F      G
               +--------+--------+--------+--------+--------+-----+--------+
         Total |   3474 |   3228 |    246 |    218 |   2419 |   4 |  868.5 |
       Dungeon |   3474 |   3228 |    246 |    218 |   2419 |   4 |  868.5 |
               +--------+--------+--------+--------+--------+-----+--------+

Top non-repeatable levels by time:
     D:2: 1225 daAuts
     D:1: 886 daAuts
     D:3: 698 daAuts
     D:4: 664 daAuts
